 Dungeon Crawl Stone Soup version 0.29.1-13-g9f3cf754e1 (webtiles) character file.

Game seed: 8935946254482904064

34 lilitu the Covered (level 3, -3/33 HPs)
             Began as a Minotaur Fighter on Jan 31, 2023.
             Killed from afar by an orc wizard (4 damage)
             ... with a puff of flame
             ... on level 2 of the Dungeon.
             The game lasted 00:01:34 (1174 turns).

lilitu the Covered (Minotaur Fighter)               Turns: 1174, Time: 00:01:35

Health: -3/33      AC:  7    Str: 22    XL:     3   Next: 14%
Magic:  2/2        EV:  9    Int:  5    God:
Gold:   76         SH:  4    Dex:  9    Spells: 2/2 levels left

rFire   . . .      SeeInvis .   a - +0 flail
rCold   . . .      Faith    .   c - +0 buckler
rNeg    . . .      Spirit   .   b - +0 scale mail
rPois   .          Reflect  .   (helmet restricted)
rElec   .          Harm     .   (no cloak)
rCorr   .          Rampage  .   (no gloves)
Will    .....                   (no boots)
Stlth   ..........              (no amulet)
HPRegen 0.11/turn               (no ring)
MPRegen 0.08/turn               (no ring)

@: no status effects
A: horns 2, retaliatory headbutt
a: no special abilities


You were on level 2 of the Dungeon.
You visited 1 branch of the dungeon, and saw 2 of its levels.

You collected 76 gold pieces.

Inventory:

Hand Weapons
 a - a +0 flail (weapon)
 f - a +0 whip
 k - a +0 whip
Missiles
 e - 5 stones (quivered)
 h - 5 boomerangs
Armour
 b - a +0 scale mail (worn)
 c - a +0 buckler (worn)
Scrolls
 j - a scroll of identify {unknown}
Potions
 d - a potion of might
 g - a potion of heal wounds {unknown}
 i - a potion of attraction {unknown}


   Skills:
 + Level 4.0 Fighting
 + Level 2.9 Maces & Flails
 + Level 1.1 Throwing
 + Level 4.0 Armour
 + Level 4.0 Shields


You had 2 spell levels left.
You didn't know any spells.
Your spell library contained the following spells:

 Spells                   Type           Power      Damage    Failure   Level
 Sandblast                Erth           0%         2d4       87%         1
 Passwall                 Tmut/Erth      0%         N/A       95%         2
 Stone Arrow              Conj/Erth      0%         3d7       99%         3


Dungeon Overview and Level Annotations

Branches:
Dungeon (2/15)

Altars:


Innate Abilities, Weirdness & Mutations

You have a pair of horns on your head.
You reflexively headbutt those who attack you in melee.


Message History

Something hits you. The orc closely misses you.
You barely miss the bat. The bat hits you but does no damage.
The bat barely misses you. The orc hits you with a +0 dagger.
Something completely misses you. Something hits you but does no damage.
Something hits you. The bat hits you but does no damage.
The bat barely misses you. Something hits you but does no damage.
The orc barely misses you. Something hits you but does no damage.
You completely miss something. Your headbutt misses something.
Something hits you.
* * * LOW HITPOINT WARNING * * *
You hear some strange, mumbled words.
A puff of flame appears from out of thin air!
The puff of flame hits you.
* * * LOW HITPOINT WARNING * * *
The orc hits you but does no damage.
Unknown command.
You barely miss something. The orc hits you with a +0 dagger.
* * * LOW HITPOINT WARNING * * *
The kobold throws a stone.
The stone closely misses you.
Something hits you but does no damage. x2; The orc barely misses you.
Something hits you but does no damage. x2
The orc attacks as you move away! The orc barely misses you.
Something hits you but does no damage.
You feel less confused.
The orc throws a boomerang.
You block the boomerang.
Unknown command.
You barely miss the kobold. Your headbutt misses the kobold.
The kobold closely misses you. You furiously retaliate!
You headbutt the kobold!
You kill the kobold!
You block something's attack. Something hits you but does no damage.
You hit the bat.
You kill the bat!
Something hits you.
* * * LOW HITPOINT WARNING * * *
You hear some strange, mumbled words.
A puff of flame appears from out of thin air!
The puff of flame hits you.
You die...

# #....# ## ##.....
#.#.#..### #.. ##..†#..
...##...####.##...###.
#..###.#....#.....## #.
......#>..##........###.
.#####.###..##...........
#..##.....####...#..
##..{..#### ##..##.
.###..@gg.## #..[..
#...........# #.##.#
##.....$o...# #.##.#
#########...# #.....
##...# ###... ..... ####
...... ....... .......


You could see an orc, a hobgoblin and a goblin.

Vanquished Creatures
  An adder (D:2)
  2 ball pythons (D:1)
  3 endoplasms (D:1)
  A hobgoblin (D:1)
  3 quokkas
  4 bats (D:2)
  A frilled lizard (D:1)
  2 goblins (D:1)
  6 kobolds
  3 rats
26 creatures vanquished.

Notes
Turn   | Place    | Note
-------+----------+-------------------------------------------
     0 | D:1      | lilitu the Minotaur Fighter began the quest for the Orb.
     0 | D:1      | Reached XP level 1. HP: 19/19 MP: 0/0
   398 | D:1      | Reached XP level 2. HP: 27/27 MP: 1/1
  1052 | D:2      | Reached skill level 1 in Throwing
  1052 | D:2      | Reached XP level 3. HP: 33/33 MP: 2/2
  1174 | D:2      | HP: 1/33 [something (1)]
  1174 | D:2      | Killed from afar by an orc wizard

Illustrated notes

Levels and vault maps discovered:
D:1:      elethiomel_arrival_shortcut, layout_basic, serial_corexii_hall,
          corexii_hall_statues_x, chequers_hall_statues_y,
          minmay_misc_feat_ornament, grunt_decor_arrowhead
D:2:      layout_rooms

Skill      XL: |  1  2 |
---------------+-------+-----
Fighting       | 4 |  4.0
Throwing       | 1 |  1.1
Armour         | 4 |  4.0
Shields        | 4 |  4.0
Maces & Flails | |  2.9

Action                   || total
-------------------------++-------
Melee: Flail             ||    65
       Headbutt          ||     1
Armor: Scale mail        ||    48
Dodge: Dodged            ||    55
Block: Buckler           ||    25
